[Event "*** SCC Grand Prix: Titled Tuesday Blitz"]
[Site "Chess.com"]
[Date "2020.06.23"]
[Round "3"]
[White "QuintilianoR"]
[Black "BogdanDeac"]
[Result "1-0"]
[WhiteElo "2633"]
[BlackElo "2818"]
[TimeControl "180+1"]
[EndTime "10:29:15 PDT"]
[Termination "QuintilianoR won on time"]

1. Nf3 d5 2. e3 g6 3. c4 e6 4. Nc3 Bg7 5. d4 Ne7 6. Be2 O-O 7. O-O b6 8. b3 dxc4 9. Bxc4 c5 10. Bb2 cxd4 11.
Nxd4 Nbc6 12. Nxc6 Nxc6 13. Qe2 Bb7 14. Rfd1 Qe7 15.
Ba6 Bxa6 16. Qxa6 Rac8 17. Rac1 Nb4 18. Qe2 Rfd8 19. Rxd8+ Rxd8 20. Rd1 Rxd1+ 21. Nxd1 Bxb2 22. Qxb2 Qd6 23. Nc3 Qd3 24. h3 Nc2 25. Kh2 h5 26.
Na4 Ne1 27. Kg1 Qe4 28. Kf1 Nxg2 29. Nc3 Qf3 30. Qd2 Qxh3 31. Qd8+ Kh7 32. Qf6 Nh4+ 33.
Ke1 Kg8 34. Qd8+ Kg7 35. Qd4+ f6 36. Qd7+ Kh6 37. Qf7 Qh1+ 38. Kd2 Qf3 39. Qf8+ Kg5 40. Kc1 Nf5 41. Qb4 Kh6 42. Ne4 1-0

[Event "*** SCC Grand Prix: Titled Tuesday Blitz"]
[Site "Chess.com"]
[Date "2020.06.23"]
[Round "3"]
[White "GeorgMeier"]
[Black "Ginger_GM"]
[Result "1-0"]
[WhiteElo "2909"]
[BlackElo "2662"]
[TimeControl "180+1"]
[EndTime "10:29:16 PDT"]
[Termination "GeorgMeier won by resignation"]

1. Nf3 f5 2. d4 e6 3. c4 Nf6 4.
Nc3 Be7 5. Bf4 b6 6. d5 Ne4 7. Nxe4 fxe4 8. Nd2 O-O 9. e3 Bb7 10. Nxe4 Bb4+ 11. Nc3 Qf6 12. Rc1 Na6 13. Bd3 Nc5 14. O-O Bxc3 15. Rxc3 exd5 16. cxd5 Bxd5 17. Bxh7+ Kxh7 18. Qh5+ Kg8 19. Qxd5+ Ne6 20. Rxc7 Kh7 21. Rxd7 Nxf4 22.
exf4 Qxf4 23. g3 Qf5 24. Qxf5+ Rxf5 25. Re1 Raf8 26. f4 Kh6 27. Re6+ g6 28. Rdd6 Rg8 29.
Kg2 Rc5 30. Re2 b5 31. Ra6 Rg7 32. h4 Kh5 33. Kh3 Kh6 34. Rf2 Rd7 35. f5 Rd1 36.
Rxg6+ Kh7 37. Kg4 Rd4+ 38. Kh5 Rd3 39. g4 Rd4 40. Re2 Rd7 41. Kg5 a5 42. h5 a4 43. a3 b4 44. axb4 Rb5 45. Re4 Rdb7 46. h6 R5b6 47. Rxb6 1-0

[Event "*** SCC Grand Prix: Titled Tuesday Blitz"]
[Site "Chess.com"]
[Date "2020.06.23"]
[Round "3"]
[White "Chessy222222"]
[Black "ErikRonka"]
[Result "0-1"]
[WhiteElo "2124"]
[BlackElo "2401"]
[TimeControl "180+1"]
[EndTime "10:29:16 PDT"]
[Termination "ErikRonka won by checkmate"]

1. e4 c6 2. d4 d5 3. exd5 cxd5 4. Bd3 Nf6 5. c3 Nc6 6. Bf4 Bg4 7. Qb3 Qc8 8. Nd2 Bh5 9. Ngf3 Bg6 10. Bxg6 hxg6 11.
O-O e6 12. Rfe1 Be7 13. Ne5 Nxe5 14. Bxe5 Qc6 15. a4 Bd6 16. Bxd6 Qxd6 17. Nf3 Qc7 18. Qb5+ Kf8 19. Ne5 Kg8 20. Re3 Ne4 21. f3 Nd6 22.
Qe2 Nf5 23. Rd3 Rc8 24. Re1 a6 25. g3 Nd6 26. Kg2 Nc4 27. Nxc4 Qxc4 28. Qc2 b5 29. b3 Qc6 30. axb5 axb5 31. Ra1 Kh7 32. Re3 b4 33. Rc1 Qb6 34. Qd3 bxc3 35. Rxc3 Rxc3 36. Qxc3 Rb8 37. h4 Kg8 38. Kh3 Qb5 39. Rd3 Rb6 40.
Qc5 Qxd3 41. Qxb6 Qxf3 42. Qd8+ Kh7 43. Qf8 Qh1+ 44. Kg4 f5+ 45. Kf4 Qe4+ 46. Kg5 Qg4# 0-1

[Event "*** SCC Grand Prix: Titled Tuesday Blitz"]
[Site "Chess.com"]
[Date "2020.06.23"]
[Round "3"]
[White "dodorox"]
[Black "catalin009"]
[Result "0-1"]
[WhiteElo "2027"]
[BlackElo "2305"]
[TimeControl "180+1"]
[EndTime "10:29:17 PDT"]
[Termination "catalin009 won on time"]

1. d4 Nf6 2. c4 e6 3. Nc3 Bb4 4. Bd2 O-O 5. e3 b6 6. Nf3 Bb7 7. Rc1 c5 8. Bd3 cxd4 9. exd4 d5 10. cxd5 Nxd5 11. O-O Nd7 12. Qe2 N7f6 13. Rfd1 Bxc3 14. bxc3 Qc7 15. Ne5 Rac8 16. c4 Ne7 17. Bb4 Rfd8 18. g4 Rxd4 19. Bxh7+ Nxh7 20. Rxd4 Nc6 21. Rd7 Qxe5 22.
Qxe5 Nxe5 23. Rxb7 Nf6 24. h3 Nd3 25. Rb1 Rxc4 26. a3 Rc2 27. Be1 Ne4 28. Rxa7 Nexf2 29. Bxf2 Nxf2 30. Rxb6 Nxh3+ 31. Kf1 Nf4 32. Ra8+ Kh7 33. a4 Kg6 34. a5 Kg5 35. a6 Kxg4 36. Rb4 Ra2 37. a7 g5 38. Rb7 Kf3 39. Ke1 Re2+ 40. Kd1 Ra2 41. Rxf7 Ra1+ 0-1

[Event "*** SCC Grand Prix: Titled Tuesday Blitz"]
[Site "Chess.com"]
[Date "2020.06.23"]
[Round "3"]
[White "keshka01"]
[Black "nrvisakh"]
[Result "1-0"]
[WhiteElo "2559"]
[BlackElo "2780"]
[TimeControl "180+1"]
[EndTime "10:29:19 PDT"]
[Termination "keshka01 won by resignation"]

1. d4 Nf6 2. Nf3 d5 3. Bf4 e6 4. e3 c5 5. Nbd2 Nc6 6. c3 Bd6 7. Bg3 O-O 8. Bd3 Qe7 9. Ne5 Nd7 10. Ndf3 f6 11. Nxc6 bxc6 12. Qc2 f5 13. O-O Rb8 14. Bxd6 Qxd6 15. c4 Bb7 16. Rac1 cxd4 17. exd4 Kh8 18. cxd5 cxd5 19. Qc7 Qxc7 20. Rxc7 Nf6 21. Ne5 Kg8 22. f3 Rfc8 23. Rfc1 Ne8 24. Rxc8 Rxc8 25. Rxc8 Bxc8 26. Kf2 Kf8 27. Ke3 g5 28. g4 Ke7 29. Nc6+ Kd6 30.
Nxa7 Bd7 31. Nb5+ Bxb5 32. Bxb5 Nf6 33. h3 h5 34. Be2 hxg4 35. hxg4 fxg4 36. fxg4 e5 37.
dxe5+ Kxe5 38. a4 d4+ 39. Kd3 Nd5 40. a5 Nf4+ 41. Kd2 Kd6 42. b4 Kc6 43. b5+ Kc5 44.
b6 Kc6 45. Bf3+ 1-0

[Event "*** SCC Grand Prix: Titled Tuesday Blitz"]
[Site "Chess.com"]
[Date "2020.06.23"]
[Round "3"]
[White "NodariousBIG"]
[Black "StockholmMissile"]
[Result "1-0"]
[WhiteElo "2670"]
[BlackElo "2417"]
[TimeControl "180+1"]
[EndTime "10:29:19 PDT"]
[Termination "NodariousBIG won by resignation"]

1. e4 e5 2. Nf3 Nc6 3. d4 exd4 4. Nxd4 Bc5 5. Nxc6 Qf6 6. Qf3 bxc6 7. Nd2 Qxf3 8.
gxf3 Ne7 9. Nb3 Bd6 10. f4 Ng6 11. f5 Nf4 12. Be3 Be5 13. O-O-O d6 14. Nd2 g5 15.
Nf3 f6 16. h4 g4 17. Nxe5 fxe5 18. h5 Rg8 19. h6 Rg5 20. Bc4 Ke7 21. Rdg1 Bb7 22. Rh4 d5 23. Bc5+ Kf6 24. Rhxg4 Rxg4 25. Rxg4 dxc4 26. Rg7 Re8 27. Rxc7 Bc8 28. Rxh7 Kg5 29.
Be7+ Kh5 30. f6 Ng6 31. Bc5 a6 32. f7 Rd8 33. Rg7 Bg4 34. c3 Nf8 35. Rg8 Be6 36. Rxf8 Rxf8 37. Bxf8 Kg6 38. Bd6 Bxf7 39. Bxe5 Kxh6 40.
Kd2 Kg6 41. Ke3 Be6 42. f4 Kf7 43. f5 Bc8 44. Kd4 Ke8 45. Kc5 Kd7 46. Bd4 Bb7 47. e5 Bc8 48. e6+ Kc7 49. Be5+ Kb7 50. Kd6 1-0

[Event "*** SCC Grand Prix: Titled Tuesday Blitz"]
[Site "Chess.com"]
[Date "2020.06.23"]
[Round "3"]
[White "GMBenjaminBok"]
[Black "NTBT_DHS"]
[Result "1-0"]
[WhiteElo "2848"]
[BlackElo "2631"]
[TimeControl "180+1"]
[EndTime "10:29:20 PDT"]
[Termination "GMBenjaminBok won by checkmate"]

1. d4 Nf6 2. c4 g6 3. Nc3 Bg7 4. e4 O-O 5. Nf3 d6 6. Be2 e5 7. O-O Nc6 8. d5 Ne7 9. b4 Nh5 10. c5 a5 11. Ba3 axb4 12. Bxb4 dxc5 13. Bxc5 b6 14. Bb4 Nf4 15. a4 Kh8 16. Rc1 Bg4 17.
h3 Bh5 18. Re1 f5 19. Ng5 Nexd5 20. Nxd5 Nxe2+ 21. Rxe2 Bxe2 22. Qxe2 Qxg5 23. Rxc7 Rfc8 24. Be7 Qh6 25. Qc4 Rxc7 26. Qxc7 fxe4 27. Nxb6 Re8 28. a5 e3 29. a6 e2 30. Bb4 Qf4 31. Be1 Qd4 32. a7 Qd1 33. Qc3 e4 34. Qa5 e3 35. a8=Q exf2+ 36. Kxf2 Bd4+ 37. Kf3 Qd3+ 38. Kg4 Qe4+ 39. Qxe4 Rxe4+ 40. Kf3 Re3+ 41. Kf4 Re8 42. Qb4 Be5+ 43. Kf3 Bf6 44. Nd5 Bg5 45. Nf4 Rf8 46. Qxf8# 1-0

[Event "*** SCC Grand Prix: Titled Tuesday Blitz"]
[Site "Chess.com"]
[Date "2020.06.23"]
[Round "3"]
[White "Sadykov_Ramil"]
[Black "Elegance_Riks"]
[Result "0-1"]
[WhiteElo "2393"]
[BlackElo "2602"]
[TimeControl "180+1"]
[EndTime "10:29:20 PDT"]
[Termination "Elegance_Riks won by resignation"]

1. e4 c5 2. Nf3 Nc6 3. d4 cxd4 4. Nxd4 e5 5. Nb5 d6 6. N1c3 a6 7. Na3 Be7 8. Nd5 Nf6 9. Nxf6+ Bxf6 10. Nc4 O-O 11. Qxd6 Qxd6 12. Nxd6 Nb4 13. Bd3 Rd8 14. Nxc8 Raxc8 15. Bd2 Nxc2+ 16. Bxc2 Rxc2 17. Bc3 h5 18. Rf1 b5 19. Rd1 Rc8 20. Rd2 Rc1+ 21. Ke2 Rxf1 22.
Kxf1 Rc4 23. Rd6 b4 24. Be1 a5 25. Ra6 Rc5 26. a3 Rc2 27. Rxa5 bxa3 28. bxa3 Rc1 29. Rd5 Ra1 30. Rd3 Be7 31. Ke2 Ra2+ 32. Kf3 Bxa3 33.
Rd8+ Kh7 34. Ra8 Kg6 35. Bb4 Rxf2+ 36. Kxf2 Bxb4 37. Kf3 f6 38. Ra6 Bd2 39. Rc6 Bf4 40. g3 Bd2 41. h4 Ba5 42. Rc8 Bb4 43. Ra8 Bc3 44. Rh8 Be1 45. g4 hxg4+ 46. Kxg4 Bd2 47. h5+ Kf7 48. Kf5 Bh6 49. Ra8 Ke7 50. Ra7+ Ke8 51.
Kg6 Kf8 52. Rf7+ Kg8 53. Rxf6 gxf6 54. Kxh6 f5 55. exf5 e4 56. Kg6 e3 57. h6 e2 58. f6 e1=Q 59. f7+ Kf8 60. h7 Qg3+ 61. Kf6 Qc3+ 62. Kg6 Qh8 0-1

[Event "*** SCC Grand Prix: Titled Tuesday Blitz"]
[Site "Chess.com"]
[Date "2020.06.23"]
[Round "3"]
[White "Omk124"]
[Black "iaraldinho"]
[Result "1/2-1/2"]
[WhiteElo "2390"]
[BlackElo "2557"]
[TimeControl "180+1"]
[EndTime "10:29:20 PDT"]
[Termination "Game drawn - insufficient material"]

1. e4 c5 2. Nf3 a6 3. d4 cxd4 4.
Nxd4 Nf6 5. Nc3 e5 6. Nb3 Nc6 7. Be2 Be7 8. O-O O-O 9. Bg5 d6 10. Bxf6 Bxf6 11. Nd5 Bg5 12. c4 f5 13. exf5 Bxf5 14.
Bf3 Kh8 15. Re1 Ne7 16. Be4 Rc8 17. Nxe7 Qxe7 18. Qd5 Bxe4 19. Rxe4 Qf6 20. Rf1 Rc7 21. f3 Qh6 22. Rd1 Bf4 23. g3 Be3+ 24. Kg2 Rc6 25. Na5 Rb6 26. b3 Bd4 27. Nxb7 Qf6 28. Rd3 g5 29. Na5 h5 30. Nc6 Rxc6 31. Qxc6 g4 32. f4 Qf5 33. Qd5 Bc5 34. Rd1 exf4 35. Qxf5 Rxf5 36. Rxf4 Re5 37. Kf1 Re3 38. Rf5 Kg7 39.
Rxh5 Rf3+ 40. Kg2 Rf2+ 41. Kh1 Rxa2 42. Rg5+ Kf6 43. Rxg4 Rb2 44. Rf4+ Ke6 45. Rf3 a5 46. h4 Bb4 47. Re3+ Kf5 48. Rd5+ Kg4 49. Rd4+ Kh3 50.
g4+ Kxh4 51. g5+ Kxg5 52. Red3 Bc5 53. Rd5+ Kf4 54. Rd2 Rb1+ 55. Kg2 Rxb3 56. R5d3 Rxd3 57. Rxd3 Ke4 58. Rd1 a4 59. Kf1 a3 60. Ke2 Bd4 61.
Rd2 Bb2 62. Rxd6 a2 63. Re6+ Kd4 64. Ra6 a1=Q 65. Rxa1 Bxa1 66. c5 Kxc5 1/2-1/2

[Event "*** SCC Grand Prix: Titled Tuesday Blitz"]
[Site "Chess.com"]
[Date "2020.06.23"]
[Round "3"]
[White "smshk35"]
[Black "Khvicha_Supatashvili"]
[Result "0-1"]
[WhiteElo "2359"]
[BlackElo "2644"]
[TimeControl "180+1"]
[EndTime "10:29:21 PDT"]
[Termination "Khvicha_Supatashvili won by resignation"]

1. e4 c5 2. Nf3 Nc6 3. d4 cxd4 4. Nxd4 Nf6 5. Nc3 d6 6. Bc4 e6 7. Be3 a6 8. Bb3 Na5 9. O-O Be7 10. Qf3 O-O 11.
Rad1 Qc7 12. Qg3 Nxb3 13. cxb3 b5 14. Bh6 Ne8 15. Rc1 Qb7 16. Nc6 Qxc6 17. Nd5 Qd7 18.
Rc7 exd5 19. Rxd7 Bxd7 20. exd5 Bf5 21. Re1 Bf6 22. Bg5 Bxg5 23. Qxg5 Bg6 24. h4 Nf6 25. g4 h6 26. Qf4 Nxd5 27. Qxd6 Rfd8 28. Qg3 Rac8 29.
h5 Bh7 30. Rd1 Nf6 31. Rxd8+ Rxd8 32. a4 Rd1+ 33. Kh2 Be4 34. Qb8+ Kh7 35. axb5 axb5 36. Qxb5 Nxg4+ 37. Kg3 Nf6 38. Qe2 Rg1+ 39. Kf4 Rg5 40. b4 Rxh5 41. b5 Rf5+ 42. Kg3 Rf3+ 43. Kh2 Ng4+ 44.
Kg1 Nxf2 45. b6 Nh3+ 46. Kh1 Rf1+ 47. Kh2 Rf2+ 48. Qxf2 Nxf2 49. Kg3 Nd3 50. b3 Bb7 0-1

[Event "*** SCC Grand Prix: Titled Tuesday Blitz"]
[Site "Chess.com"]
[Date "2020.06.23"]
[Round "3"]
[White "12teen"]
[Black "ChessWarrior7197"]
[Result "1/2-1/2"]
[WhiteElo "2683"]
[BlackElo "2915"]
[TimeControl "180+1"]
[EndTime "10:29:22 PDT"]
[Termination "Game drawn - insufficient material"]

1. g3 d5 2. Bg2 Nf6 3. d3 e6 4. Nc3 Nc6 5. Bd2 b6 6. e4 dxe4 7. dxe4 Bb7 8. f4 Bc5 9. Qe2 Nd4 10. Qd3 Qc8 11. b4 Ba6 12. b5 Bb7 13. Na4 a6 14.
Nxc5 bxc5 15. c3 Nxb5 16. Kf1 O-O 17. e5 Rd8 18. Qe2 Ne4 19. Bxe4 Rxd2 20. Bxb7 Qxb7 21. Qxd2 Qxh1 22. a4 Nxc3 23. Qxc3 Qxh2 24. Ne2 h5 25.
Qf3 Rb8 26. Qg2 Qxg2+ 27. Kxg2 Rb4 28. Kf3 Kf8 29. Rc1 c4 30. Nc3 Ke7 31. Ke4 c5 32. a5 f5+ 33. exf6+ gxf6 34. f5 Rb3 35. Na4 exf5+ 36. Kxf5 Rxg3 37. Rxc4 Rg5+ 38. Ke4 Rg4+ 39. Kd5 Rxc4 40. Kxc4 h4 41. Nxc5 h3 42. Nd3 h2 43. Nf2 Kd6 44. Kd4 Kc6 45. Kc4 f5 46.
Nh1 Kd6 47. Kd4 Ke6 48. Kc5 Ke5 49. Kb6 Ke4 50. Kxa6 Kf3 51. Kb6 Kg2 52. a6 Kxh1 53. a7 Kg1 54. a8=Q h1=Q 55. Qa1+ Kg2 56. Qb2+ Kg3 57. Qe5+ f4 58. Qg5+ Kh3 59. Qxf4 Qg1+ 60.
Kc7 Qg4 61. Qxg4+ Kxg4 1/2-1/2

[Event "*** SCC Grand Prix: Titled Tuesday Blitz"]
[Site "Chess.com"]
[Date "2020.06.23"]
[Round "3"]
[White "Zurability"]
[Black "ArjunErigaisi2003"]
[Result "1-0"]
[WhiteElo "2686"]
[BlackElo "2899"]
[TimeControl "180+1"]
[EndTime "10:29:22 PDT"]
[Termination "Zurability won by resignation"]

1. Nf3 Nf6 2. c4 e6 3. g3 d5 4. Bg2 dxc4 5. Qa4+ Nbd7 6. Qxc4 c5 7. O-O b6 8. Nd4 Ne5 9. Qc2 Bd7 10. Nb3 Rc8 11.
Nc3 c4 12. Nd4 h5 13. d3 cxd3 14. exd3 h4 15. Re1 Neg4 16. Nf3 hxg3 17. hxg3 Bc6 18. Qe2 Bd6 19. d4 Kf8 20. Bd2 Qc7 21. Nb5 Qb8 22.
Nxd6 Qxd6 23. Rac1 Kg8 24. Bf4 Qd5 25. Nh4 Qd7 26. Qa6 Nd5 27. Bd2 Rf8 28. Qe2 Ngf6 29. Nf3 Bb5 30. Qe5 Ng4 31. Qg5 f5 32. Ne5 Nxe5 33.
Rxe5 Qf7 34. Rce1 Bd7 35. Bxd5 Rh5 36. Qf4 exd5 37. Re7 Qg6 38. Rxd7 Qh7 39. Qf3 Rh2 40.
Ree7 Kh8 41. Rxg7 Qh3 42. Rh7+ Qxh7 43. Rxh7+ Rxh7 44. Bf4 Rd8 45. Be5+ Kg8 46. Qxf5 Rh6 47. Qg5+ 1-0

[Event "*** SCC Grand Prix: Titled Tuesday Blitz"]
[Site "Chess.com"]
[Date "2020.06.23"]
[Round "3"]
[White "saikrishnaReturns"]
[Black "obliviate12"]
[Result "0-1"]
[WhiteElo "2630"]
[BlackElo "2848"]
[TimeControl "180+1"]
[EndTime "10:29:22 PDT"]
[Termination "obliviate12 won by checkmate"]

1. e4 c6 2. d3 d5 3. Nd2 g6 4.
Ngf3 Bg7 5. g3 e5 6. Bg2 Ne7 7.
O-O O-O 8. Re1 d4 9. a4 c5 10.
Nc4 Nbc6 11. Nfd2 Be6 12. f4 f6 13. a5 Qd7 14. b3 Rac8 15. Ba3 Nb4 16. Nf3 Nec6 17. Bxb4 cxb4 18. Rf1 exf4 19. gxf4 Bh6 20. Nh4 Kh8 21. f5 Bxc4 22. bxc4 Be3+ 23. Kh1 g5 24. Nf3 g4 25. Ng1 Ne5 26. Ne2 h5 27. Qe1 Qh7 28. Qxb4 h4 29. Rfb1 Rf7 30. Qd6 Qg7 31.
h3 Rg8 32. a6 b6 33. c5 Rd7 34.
Qe6 Re7 35. Qd6 bxc5 36. Qxc5 Rc7 37. Qa3 gxh3 38. Bxh3 Rxc2 39. Ra2 Rxa2 40. Qxa2 Qh7 41.
Qb3 Qh5 42. Bg2 h3 43. Qxg8+ Kxg8 44. Rb8+ Kg7 45. Rb7+ Kh6 46. Bf1 Qf3+ 47. Kh2 Ng4# 0-1

[Event "*** SCC Grand Prix: Titled Tuesday Blitz"]
[Site "Chess.com"]
[Date "2020.06.23"]
[Round "3"]
[White "Sashadav97"]
[Black "Orest_Vovk"]
[Result "1-0"]
[WhiteElo "2604"]
[BlackElo "2393"]
[TimeControl "180+1"]
[EndTime "10:29:23 PDT"]
[Termination "Sashadav97 won on time"]

1. d4 h6 2. e4 g5 3. h4 g4 4. Bc4 d6 5. Nc3 Bg7 6. Nge2 Nd7 7. Be3 Nf8 8. Qd2 c6 9. Bb3 Qa5 10. O-O-O h5 11. Kb1 Qc7 12. Rhf1 Ng6 13. f3 gxf3 14.
Rxf3 Nf6 15. Bg5 Bg4 16. Rf2 Rf8 17. d5 c5 18. Ba4+ Bd7 19. Nb5 Qb6 20. Nec3 Ne5 21. Rdf1 O-O-O 22. Bxf6 Bxf6 23. Rxf6 exf6 24. Rxf6 Bg4 25.
Qf4 Rfe8 26. Bb3 a6 27. Na3 Qb4 28. Ka1 c4 29. Ba4 b5 30. Bxb5 axb5 31. Naxb5 Qc5 32. a3 Re7 33. Qh6 Red7 34. Ka2 Kb8 35. Qd2 Rb7 36.
a4 Qb4 37. Qf4 Qc5 38. Rxd6 Rxd6 39. Qxe5 Rd7 40. Nxd6 Qxd6 41. Qe8+ Kb7 42. e5 Qe7 43. Qh8 Qd8 44. Qf6 Bh3 45. Qc6+ 1-0

[Event "*** SCC Grand Prix: Titled Tuesday Blitz"]
[Site "Chess.com"]
[Date "2020.06.23"]
[Round "3"]
[White "pooh2012"]
[Black "Colombiano07"]
[Result "1-0"]
[WhiteElo "2490"]
[BlackElo "2221"]
[TimeControl "180+1"]
[EndTime "10:29:23 PDT"]
[Termination "pooh2012 won by resignation"]

1. d4 d5 2. Nc3 c6 3. Bf4 Nf6 4. e3 Bf5 5. Nf3 e6 6. Ne5 Bd6 7. Bd3 Bxd3 8. Qxd3 Qe7 9. Ne2 Nbd7 10. Qb3 Rb8 11.
O-O O-O 12. h3 Ne4 13. Rfd1 f6 14. Nxd7 Qxd7 15. c4 Kh8 16. Rac1 Bxf4 17. Nxf4 Nd6 18. cxd5 exd5 19. Nd3 Ne4 20. Nc5 Qf5 21. Qc2 Rfe8 22. Re1 Qg6 23. Nd3 Nd6 24. Qd2 Nc4 25. Qe2 f5 26. b3 Nd6 27. Ne5 Qe6 28. Qf3 Nf7 29. Nd3 Qe4 30. Qxe4 fxe4 31. Nc5 Ng5 32. a4 Ne6 33. b4 Nxc5 34. Rxc5 Red8 35. Rec1 Kg8 36. b5 cxb5 37. axb5 Rd7 38. Ra1 b6 39. Rc6 g6 40.
h4 Rf8 41. Rac1 Rff7 42. R1c2 Kg7 43. Rc8 Rd6 44. R2c7 Rdd7 45. Rc6 Rf6 46. R8c7 Rdf7 47. Rxf7+ Rxf7 48. Rd6 Rf5 49. Rd7+ Kf6 50. Rxa7 h5 51. Rb7 Ke6 52. Rxb6+ Kf7 53. Rd6 1-0

[Event "*** SCC Grand Prix: Titled Tuesday Blitz"]
[Site "Chess.com"]
[Date "2020.06.23"]
[Round "3"]
[White "Falia-p"]
[Black "Artem_Sadovsky"]
[Result "1-0"]
[WhiteElo "2239"]
[BlackElo "2617"]
[TimeControl "180+1"]
[EndTime "10:29:24 PDT"]
[Termination "Falia-p won on time"]

1. e4 c6 2. Nc3 d5 3. Nf3 Bg4 4. h3 Bxf3 5. Qxf3 e6 6. Be2 Nd7 7. O-O d4 8. Nb1 Ne7 9. c3 Ne5 10. Qg3 d3 11. Qxe5 dxe2 12. Re1 Ng6 13. Qg3 Bd6 14. Qe3 Nf4 15. d4 Qg5 16. Qg3 Qxg3 17.
fxg3 Nd3 18. Rxe2 Nxc1 19. Rd2 Bxg3 20. Na3 Bf4 21. Rc2 Be3+ 22. Kf1 O-O-O 23. Nc4 Bh6 24.
Raxc1 Bxc1 25. Rxc1 Kc7 26. e5 f6 27. Ke2 fxe5 28. Nxe5 Rhf8 29. Re1 Rf5 30. Nf3 Rdf8 31. Kd3 Kd6 32. Re3 g5 33. b4 h6 34. c4 b6 35. Ne5 c5 36. dxc5+ bxc5 37. bxc5+ Kc7 38. Nf3 Rd8+ 39. Kc3 Rf6 40. Nd4 Re8 41. Nb5+ Kb8 42. Nd6 1-0

[Event "*** SCC Grand Prix: Titled Tuesday Blitz"]
[Site "Chess.com"]
[Date "2020.06.23"]
[Round "3"]
[White "RojonR"]
[Black "DonPreuss"]
[Result "1-0"]
[WhiteElo "2427"]
[BlackElo "2194"]
[TimeControl "180+1"]
[EndTime "10:29:24 PDT"]
[Termination "RojonR won by resignation"]

1. g4 Nc6 2. Bg2 e5 3. c4 Bc5 4. e3 a6 5. Ne2 d6 6. h3 Nge7 7. d4 Ba7 8. Nbc3 O-O 9. d5 Nb8 10. e4 Nd7 11. Ng3 Ng6 12. Nf5 Nf4 13. Qf3 Nc5 14. Bxf4 exf4 15. O-O-O b5 16. Qxf4 bxc4 17. Bf1 Nd3+ 18. Bxd3 cxd3 19. Rxd3 Qf6 20. g5 Qe5 21. Qxe5 dxe5 22. Ne7+ Kh8 23. Nxc8 Raxc8 24. f3 f6 25. gxf6 Rxf6 26. Rf1 Rcf8 27. b4 Rh6 28. a4 Rxh3 29. b5 axb5 30. Nxb5 Bb6 31. Rc3 Rh6 32. Kc2 g5 33. Nxc7 Bd4 34. Rc4 Rc8 35. a5 Rd6 36. Rb1 Rd7 37. Rb7 h5 38. a6 g4 39. a7 Bxa7 40. Rxa7 gxf3 41. Kd2 h4 42. Ke1 Rf7 43.
Kf2 h3 44. d6 h2 45. Rc1 Rh7 46. Rh1 Rg8 47. Nb5 Rg2+ 48. Kxf3 Rg1 49. Rxh7+ Kxh7 50. Rxh2+ Kg7 51. Rd2 Rb1 52. d7 1-0

[Event "*** SCC Grand Prix: Titled Tuesday Blitz"]
[Site "Chess.com"]
[Date "2020.06.23"]
[Round "3"]
[White "rasmussvane"]
[Black "topotun"]
[Result "0-1"]
[WhiteElo "2888"]
[BlackElo "2683"]
[TimeControl "180+1"]
[EndTime "10:29:27 PDT"]
[Termination "topotun won by resignation"]

1. Nf3 c5 2. c4 Nc6 3. Nc3 Nf6 4. g3 g6 5. d4 cxd4 6. Nxd4 d6 7.
Bg2 Bd7 8. O-O Bg7 9. Nc2 Qc8 10. Bg5 h6 11. Bf4 Bh3 12. Rc1 h5 13. Nd5 h4 14.
c5 hxg3 15. Bxg3 Bxg2 16. Kxg2 Nxd5 17. Qxd5 Qh3+ 18. Kg1 dxc5 19. Rfd1 Rh5 20. Qg2 Qxg2+ 21. Kxg2 b6 22. b3 Rd8 23. Ne3 Rxd1 24. Rxd1 Nd4 25.
Kf1 Kd7 26. Nc4 Kc8 27. e3 Nc6 28. Rd2 b5 29. Nb2 Bxb2 30. Rxb2 Rd5 31. Ke2 Kb7 32.
h4 Kb6 33. a3 a5 34. Bf4 b4 35. a4 Nd8 36. Rc2 Nb7 37. f3 Rd7 38. e4 Nd8 39. Be3 Ne6 40. Rc4 Nd4+ 41. Bxd4 Rxd4 42. Rc2 e5 43. Rc1 c4 44. bxc4 Kc5 45. h5 gxh5 46. Rh1 Kxc4 47. Rxh5 f6 48. Rh7 b3 49. Rb7 Kc3 50.
Ke3 b2 51. f4 Rb4 52. Rc7+ Kb3 0-1

[Event "*** SCC Grand Prix: Titled Tuesday Blitz"]
[Site "Chess.com"]
[Date "2020.06.23"]
[Round "3"]
[White "novendrapriasmoro"]
[Black "ShahMatKanal"]
[Result "1-0"]
[WhiteElo "2610"]
[BlackElo "2399"]
[TimeControl "180+1"]
[EndTime "10:29:27 PDT"]
[Termination "novendrapriasmoro won on time"]

1. e4 c6 2. d4 d5 3. Nd2 g6 4. Ngf3 Bg4 5. Bd3 Bg7 6. c3 e6 7. O-O Ne7 8. Re1 O-O 9. h3 Bxf3 10. Nxf3 dxe4 11. Bxe4 a5 12. Bg5 Qc7 13. Qd2 Re8 14. Bh6 Bh8 15. Qg5 Nd7 16. Qh4 Nf5 17. Bxf5 exf5 18. Bf4 Qd8 19. Rxe8+ Qxe8 20. Ng5 h5 21. Nf3 Bf6 22. Qg3 Qe6 23. b3 Qe2 24. Bd2 Qe6 25. Re1 Qd5 26. c4 f4 27. Qxf4 Qf5 28.
Qxf5 gxf5 29. Bg5 Kg7 30. Bxf6+ Kxf6 31. Kf1 a4 32. b4 a3 33. Ke2 Ra4 34. Rd1 Rxb4 35.
Kd3 Nb6 36. Nd2 Na4 37. Rb1 Nb2+ 38. Kc3 Rb6 39. Nb3 f4 40. Nd2 Na4+ 41. Kc2 Nb2 42.
Ne4+ Kf5 43. Nd6+ Ke6 44. Rf1 Kxd6 45. c5+ Kd5 46. cxb6 Nc4 47. Re1 Kxd4 48. Re7 Nxb6 49. Rxf7 Na4 50. Rxf4+ 1-0

[Event "*** SCC Grand Prix: Titled Tuesday Blitz"]
[Site "Chess.com"]
[Date "2020.06.23"]
[Round "3"]
[White "kushagramohan"]
[Black "Firouzja2003"]
[Result "0-1"]
[WhiteElo "2721"]
[BlackElo "3128"]
[TimeControl "180+1"]
[EndTime "10:29:28 PDT"]
[Termination "Firouzja2003 won by resignation"]

1. e4 c6 2. d4 d5 3. Nd2 dxe4 4. Nxe4 Bf5 5. Ng3 Bg6 6. Nf3 Nd7 7. Bf4 Ngf6 8. Bd3 Qa5+ 9. c3 Bxd3 10. Qxd3 e6 11. O-O Be7 12. h3 O-O 13. Rfe1 Rad8 14. a4 c5 15. dxc5 Qxc5 16. b4 Qc8 17. Rac1 Nb6 18.
Qc2 Nfd5 19. Be5 Nc4 20. Bd4 b6 21. Ne5 Bf6 22. Nh5 Bxe5 23. Bxe5 f6 24. Bh2 e5 25.
Re4 g6 26. Ng3 f5 27. Rh4 e4 28. Qb3 Qc6 29. Ne2 Rc8 30. Rd1 Rfd8 31. Rd4 a6 32. b5 axb5 33. axb5 Qc5 34. g4 e3 35.
gxf5 exf2+ 36. Kxf2 Rf8 37. Ke1 Nce3 38. Rhe4 Rf7 39.
fxg6 hxg6 40. Bf4 Ng2+ 41. Kd1 Ngxf4 42. Nxf4 Nxc3+ 43. Kd2 Nxe4+ 0-1

[Event "*** SCC Grand Prix: Titled Tuesday Blitz"]
[Site "Chess.com"]
[Date "2020.06.23"]
[Round "3"]
[White "JoachimMouhamad"]
[Black "ValentinDragnev"]
[Result "0-1"]
[WhiteElo "2461"]
[BlackElo "2723"]
[TimeControl "180+1"]
[EndTime "10:29:28 PDT"]
[Termination "ValentinDragnev won by resignation"]

1. e4 e5 2. Nf3 Nc6 3. Bb5 a6 4.
Ba4 Nf6 5. O-O Be7 6. Re1 b5 7. Bb3 d6 8. c3 O-O 9. d4 Bg4 10.
d5 Na5 11. Bc2 c6 12. h3 Bd7 13. Nxe5 dxe5 14. d6 Nc4 15. dxe7 Qxe7 16. Qe2 Rfe8 17. Nd2 Be6 18. Nf1 Rad8 19. Ne3 Nd7 20. Nf5 Qf6 21. b3 Bxf5 22. exf5 Nd6 23. g4 e4 24. Bf4 Nb6 25. Rad1 Nd5 26. Qd2 Nxf4 27. Qxf4 Qxc3 28. Bxe4 Nxe4 29.
Qxe4 Qxe1+ 30. Rxe1 Rxe4 31. Rxe4 Kf8 32. Re2 Rd3 33. Kg2 c5 34. Rc2 Rd5 35. Kf3 Ke7 36. Ke4 Kd6 37. f4 Rd4+ 38. Ke3 Kd5 39. h4 c4 40. bxc4+ bxc4 41. g5 Rd3+ 42. Ke2 Kd4 43.
h5 Rh3 44. h6 gxh6 45. gxh6 Rxh6 46. Rd2+ Ke4 47. Rc2 Rh2+ 48. Kd1 Rxc2 49. Kxc2 h5 50. Kc3 h4 51. Kxc4 h3 0-1

[Event "*** SCC Grand Prix: Titled Tuesday Blitz"]
[Site "Chess.com"]
[Date "2020.06.23"]
[Round "3"]
[White "Shota_Azaladze"]
[Black "realmadridtv"]
[Result "0-1"]
[WhiteElo "2700"]
[BlackElo "2449"]
[TimeControl "180+1"]
[EndTime "10:29:28 PDT"]
[Termination "realmadridtv won on time"]

1. Nf3 Nf6 2. g3 g6 3. Bg2 Bg7 4. O-O b6 5. d3 Bb7 6. Nbd2 O-O 7.
e4 c5 8. Ne1 Nc6 9. f4 d6 10. g4 e6 11. h3 d5 12. e5 Nd7 13.
Nef3 f6 14. exf6 Qxf6 15. Nb3 a5 16. a4 Rae8 17. Bd2 Qxb2 18. Rb1 Qf6 19. c3 e5 20.
f5 e4 21. dxe4 dxe4 22. Bg5 Qf7 23. fxg6 hxg6 24. Ne5 Ndxe5 25. Rxf7 Nxf7 26. Be3 Nce5 27. Nxc5 Bc6 28. Rxb6 Rd8 29. Qb3 Bd5 30. Qb1 Nf3+ 31. Bxf3 exf3 32. Rxg6 Ne5 33. Rxg7+ Kxg7 34. Bd4 f2+ 35.
Kh2 f1=Q 36. Bxe5+ Kh6 37. g5+ Kxg5 38. h4+ Kxh4 39.
Qh7+ Kg4 40. Qg6+ Kf3 41. Qg3+ Ke2 42. Qd3+ Ke1 43. Qb1+ Kf2 44. Bg3+ Ke3 0-1